 Dungeon Crawl Stone Soup version 0.27.1-37-g7b29ead8ac (webtiles) character file.

Game seed: 7607177956400248895

2385 cbfl8 the Cleaver (level 9, -3/74 HPs)
             Began as a Minotaur Fighter on Apr 28, 2023.
             Slain by a komodo dragon (24 damage)
             ... on level 6 of the Dungeon.
             The game lasted 00:07:59 (8422 turns).

cbfl8 the Cleaver (Minotaur Fighter)                Turns: 8422, Time: 00:08:00

Health: -3/74      AC:  8    Str: 22    XL:     9   Next: 22%
Magic:  8/8        EV:  5    Int:  5    God:
Gold:   219        SH: 11    Dex: 12    Spells: 8/8 levels left

rFire    + . .     SeeInvis .   a - +0 war axe
rCold    x . .     Faith    .   c - +0 kite shield
rNeg     . . .     Spirit   .   l - +0 plate armour
rPois    +         Reflect  .   (helmet restricted)
rElec    .         Harm     .   j - +0 cloak
rCorr    .         Rampage  .   t - +0 pair of gloves
Will     .....                  (no boots)
Stlth    ..........             (no amulet)
HPRegen  0.22/turn              e - ring of fire
MPRegen  0.11/turn              m - ring of poison resistance

@: corroded
A: horns 2, retaliatory headbutt
a: no special abilities


You were on level 6 of the Dungeon.
You visited 1 branch of the dungeon, and saw 7 of its levels.

You collected 219 gold pieces.

Inventory:

Hand Weapons
 a - a +0 war axe (weapon)
Missiles
 r - 6 boomerangs
Armour
 c - a +0 kite shield (worn)
 j - a +0 cloak (worn)
 l - a +0 plate armour (worn)
 t - a +0 pair of gloves (worn)
Jewellery
 e - a ring of fire (left hand)
 m - a ring of poison resistance (right hand)
 p - a ring of positive energy
Wands
 n - a wand of flame (18)
 s - a wand of charming (4) (quivered)
Scrolls
 b - a scroll of enchant armour {unknown}
 g - a scroll of blinking {unknown}
 h - 4 scrolls of teleportation
 i - a scroll of fear {unknown}
 k - a scroll of acquirement
 q - 2 scrolls of fog {unknown}
 u - a scroll of noise {unknown}
 w - a scroll of magic mapping
Potions
 d - a potion of might
 f - 2 potions of flight {unknown}
 o - a potion of degeneration {unknown}
 v - a potion of attraction {unknown}
 x - 2 potions of heal wounds {unknown}
 z - a potion of magic {unknown}
 A - a potion of lignification {unknown}
 B - 2 potions of curing


   Skills:
 + Level 5.4 Fighting
 * Level 9.1 Axes
 + Level 1.3 Throwing
 * Level 7.5 Armour
 + Level 1.2 Dodging
 * Level 7.8 Shields
 * Level 3.6 Evocations


You had 8 spell levels left.
You didn't know any spells.
Your spell library contained the following spells:

 Spells                   Type           Power      Damage    Failure   Level
 Dazzling Flash           Conj/Hex       0%         N/A       100%        3
 Gell's Gravitas          Tloc           0%         N/A       100%        3
 Lesser Beckoning         Tloc           0%         N/A       100%        3
 Spider Form              Tmut/Pois      0%         N/A       100%        3
 Summon Guardian Golem    Hex/Summ       0%         N/A       100%        3
 Teleport Other           Tloc           0%         N/A       100%        3
 Agony                    Necr           0%         N/A       100%        5
 Silence                  Hex/Air        0%         N/A       100%        5
 Orb of Destruction       Conj           0%         N/A       100%        7
 Spellforged Servitor     Conj/Summ      0%         N/A       100%        7
 Borgnjor's Revivificati  Necr           0%         N/A       100%        8


Dungeon Overview and Level Annotations

Branches:
Dungeon (7/15)
 Temple: D:4-7

Altars:
Cheibriados
Kikubaaqudgha
Makhleb
Okawaru

Annotations:
D:7 Menkaure


Innate Abilities, Weirdness & Mutations

You have a pair of horns on your head.
You reflexively headbutt those who attack you in melee.


Message History

You climb downwards.
Menkaure shouts!
You hear an angry growl.
Found a bubbling sapphire potion.
Found a stone staircase leading down.
There is a stone staircase leading up here.
Okay, then.
You climb upwards.
There is a stone staircase leading down here.
You see here 19 stones.
The acid dragon roars!
The acid dragon spits acid at you. You block the splash of acid.
You barely miss the acid dragon. Your headbutt misses the acid dragon.
You block the acid dragon's attack. x2
You slash the acid dragon!
The acid dragon is heavily wounded.
You block the acid dragon's attack.
The acid dragon claws you but does no damage.
You hit the acid dragon. Your headbutt misses the acid dragon.
The acid dragon is severely wounded.
You hit the komodo dragon but do no damage.
The acid dragon spits acid at you.
The splash of acid hits you but does no damage.
The acid corrodes you!
You are splashed with acid!
The komodo dragon bites you. You block the acid dragon's attack.
The acid dragon claws you but does no damage.
You slash the acid dragon! Your headbutt misses the acid dragon.
The acid dragon is almost dead.
You hit the komodo dragon. The komodo dragon bites you!
The acid dragon bites you. You block the acid dragon's attack.
A necrophage comes into view.
You block the komodo dragon's attack.
Unknown command.
You hit the acid dragon.
The acid dragon is almost dead.
You hit the komodo dragon but do no damage.
The acid dragon spits acid at you. The splash of acid hits you!
The acid corrodes you!
You are splashed with acid!
* * * LOW HITPOINT WARNING * * *
The komodo dragon bites you!!
You die...

###....##....# #....##....#
#....####### ####### #....#
#(....# #....# #.....#
#..[.# #.....# #....#
#.)..(#
#################...^.#
...>............@D..>.#
#######(#########l....# #.#
####n############ #.#
######........<.... #.#
#.#.......######### #
#.#######.............)....
#
#.......#.#.......#########
# #.......#.#.....(.# ##
#.......#.#.......#


You could see a komodo dragon, an acid dragon (catching breath) and a
necrophage.

Vanquished Creatures
  A hornet (D:6)
  A steam dragon (D:6)
  A water moccasin (D:6)
  2 sky beasts (D:5)
  3 ice beasts
  3 black bears
  2 necrophages
  2 centaurs
  A kobold brigand (D:5)
  A phantom (D:6)
  A scorpion (D:5)
  A water moccasin skeleton (D:4)
  A bullfrog zombie (D:5)
  A bullfrog skeleton (D:6)
  2 hounds
  Crazy Yiuf (D:2)
  2 jellies
  3 centaur skeletons
  An iguana (D:6)
  An orc wizard (D:3)
  A killer bee zombie (D:5)
  7 gnolls
  8 adders
  A worm (D:2)
  16 orcs
  2 bats (D:2)
  8 endoplasms
  5 giant cockroaches
  12 goblins
  10 hobgoblins
  6 jackals
  3 quokkas
  8 ball pythons
  3 frilled lizards
  9 kobolds
  9 rats
139 creatures vanquished.

Vanquished Creatures (others)
  4 fungi (D:2)
4 creatures vanquished.

Grand Total: 143 creatures vanquished

Notes
Turn   | Place    | Note
-------+----------+-------------------------------------------
     0 | D:1      | cbfl8 the Minotaur Fighter began the quest for the Orb.
     0 | D:1      | Reached XP level 1. HP: 19/19 MP: 0/0
   162 | D:1      | Reached XP level 2. HP: 27/27 MP: 1/1
   214 | D:1      | Got the Papyrus of Unholy Transmutation
   367 | D:1      | Reached skill level 3 in Axes
   523 | D:1      | Reached XP level 3. HP: 33/33 MP: 2/2
   582 | D:1      | Found a faded altar of an unknown god.
   864 | D:2      | Found a snail-covered altar of Cheibriados.
  1567 | D:2      | Reached skill level 1 in Evocations
  1567 | D:2      | Reached XP level 4. HP: 24/40 MP: 3/3
  2064 | D:2      | Found a runed translucent door.
  2065 | D:2      | Noticed Crazy Yiuf
  2505 | D:2      | Killed Crazy Yiuf
  2857 | D:2      | Reached XP level 5. HP: 40/46 MP: 4/4
  3041 | D:3      | Reached skill level 4 in Axes
  3055 | D:3      | Reached skill level 5 in Shields
  4225 | D:4      | Found an iron altar of Okawaru.
  4351 | D:4      | Reached XP level 6. HP: 48/53 MP: 5/5
  4392 | D:4      | Reached skill level 5 in Axes
  4594 | D:4      | Found an ancient bone altar of Kikubaaqudgha.
  5335 | D:5      | Entered Level 5 of the Dungeon
  5362 | D:5      | Reached skill level 5 in Armour
  5392 | D:5      | Reached XP level 7. HP: 59/60 MP: 6/6
  5438 | D:5      | Reached skill level 6 in Axes
  5528 | D:5      | Reached skill level 1 in Throwing
  5802 | D:5      | Reached skill level 7 in Axes
  6133 | D:5      | Reached skill level 1 in Dodging
  6136 | D:5      | Reached XP level 8. HP: 63/67 MP: 7/7
  7204 | D:5      | Found a burning altar of Makhleb.
  7237 | D:5      | Identified a scroll of acquirement
  7365 | D:6      | Reached skill level 5 in Fighting
  7513 | D:6      | Reached skill level 8 in Axes
  7714 | D:6      | Noticed a komodo dragon
  7729 | D:6      | Noticed a hornet
  7787 | D:6      | Paralysed by a hornet for 3 turns
  7796 | D:6      | Killed a hornet
  7799 | D:6      | Reached XP level 9. HP: 35/74 MP: 8/8
  7882 | D:6      | Reached skill level 9 in Axes
  8375 | D:7      | Noticed Menkaure
  8422 | D:6      | Slain by a komodo dragon

Illustrated notes

Levels and vault maps discovered:
D:1:      dpeg_arrival_boxorama, layout_basic,
          shapermc_ecumenical_altar_flowoftime
D:2:      layout_basic, basic_altar, uniq_crazy_yiuf_cottage
D:3:      layout_loops_ring, kennysheep_nub, minivault_14, grunt_decor_cap,
          minmay_vboxes
D:4:      layout_rooms, mainiacjoe_overflow_chevrons, kiku_gazebo_garden_becter,
          minmay_increasing_density
D:5:      layout_basic, mainiacjoe_overflow_brackets
D:6:      layout_basic
D:7:      cheibrodos_fzero, layout_rooms, minmay_temple_entry_trees,
          gammafunk_ghost_necromancy, serial_shops, shop, uniq_menkaure,
          uniq_pikel

Skill      XL: |  1  2  3  4  5  6  7  8  9 |
---------------+----------------------------+-----
Armour         | 4 5 7 |  7.5
Axes           | 3 4 5 7 8 9 |  9.1
Shields        | 4 5 6 7 |  7.8
Fighting       | 4 5 |  5.4
Evocations     | 1 2 3 |  3.6
Throwing       | 1 |  1.3
Dodging        | 1 |  1.2

Action                   |  1- 3 |  4- 6 |  7- 9 || total
-------------------------+-------+-------+-------++-------
Melee: War axe           |    89 |   135 |   160 ||   384
       Headbutt          |    15 |    20 |    44 ||    79
Throw: Boomerang         |       |     7 |       ||     7
Evoke: Wand              |       |       |     3 ||     3
  Use: Potion            |       |     2 |     4 ||     6
       Scroll            |       |       |     6 ||     6
Armor: Scale mail        |    22 |       |       ||    22
       Chain mail        |    27 |   118 |    50 ||   195
       Plate armour      |       |       |    74 ||    74
Dodge: Dodged            |    23 |    48 |    46 ||   117
Block: Kite shield       |    42 |    95 |   128 ||   265
